 Dungeon Crawl Stone Soup version 0.30-b1-2-g02819fbbbe (webtiles) character file.

Game seed: 8046647107713198484

248 Anon1729 the Trooper (level 5, 0/47 HPs)
             Began as a Minotaur Monk on Aug 24, 2023.
             Slain by an orc
             ... wielding a +0 dagger
              (3 damage)
             ... on level 4 of the Dungeon.
             The game lasted 00:01:34 (3001 turns).

Anon1729 the Trooper (Minotaur Monk)                Turns: 3001, Time: 00:01:34

Health: 0/47       AC:  2    Str: 16    XL:     5   Next: 86%
Magic:  5/5        EV: 13    Int:  7    God:
Gold:   146        SH:  0    Dex: 14    Spells: 4/4 levels left

rFire   . . .        j - +1 short sword (vamp)
rCold   . . .        d - orb {light}
rNeg    . . .        b - +0 robe
rPois   .            (helmet restricted)
rElec   .            (no cloak)
rCorr   .            (no gloves)
SInv    .            (no boots)
Will    .....        l - amulet of magic regeneration
Stlth   +            (no ring)
HPRegen 0.27/turn    (no ring)
MPRegen 0.49/turn

%: no passive effects
@: glowing
A: horns 2, retaliatory headbutt
a: no special abilities


You were on level 4 of the Dungeon.
You visited 1 branch of the dungeon, and saw 4 of its levels.

You collected 146 gold pieces.

Inventory:

Hand Weapons
 a - a +0 short sword
 j - a +1 vampiric short sword (weapon)
Armour
 b - a +0 robe (worn)
 d - an orb of light (worn)
Jewellery
 l - an amulet of magic regeneration (around neck)
 t - an amulet of the acrobat
Scrolls
 g - 3 scrolls of teleportation {unknown}
 i - 3 scrolls of identify {unknown}
 k - a scroll of torment {unknown}
 n - a scroll of fear {unknown}
 o - a scroll of enchant weapon {unknown}
 p - a scroll of poison {unknown}
 q - a scroll of immolation {unknown}
 s - a scroll of amnesia {unknown}
Potions
 c - a potion of ambrosia
 e - 8 potions of curing {unknown}
 f - a potion of brilliance {unknown}
 h - a potion of mutation {unknown}
 m - 3 potions of might {unknown}
 r - a potion of magic {unknown}
 u - a potion of heal wounds {unknown}


   Skills:
 + Level 4.6 Fighting
 + Level 4.3 Short Blades
 + Level 2.4 Armour
 + Level 4.1 Dodging
 + Level 1.8 Stealth
 + Level 2.0 Invocations


You had 4 spell levels left.
You didn't know any spells.
Your spell library contained the following spells:

 Spells                   Type           Power      Damage    Failure   Level
 Beastly Appendage        Tmut           0%         N/A       43%         1
 Wereblood                Tmut           0%         N/A       56%         2
 Dazzling Flash           Conj/Hex       0%         N/A       80%         3
 Inner Flame              Hex/Fire       0%         N/A       80%         3
 Spider Form              Tmut/Pois      0%         N/A       80%         3
 Volatile Blastmotes      Fire/Tloc      0%         2d10      80%         3
 Iskenderun's Mystic Bla  Conj/Tloc      0%         2d3       99%         4
 Yara's Violent Unravell  Hex/Tmut       0%         3d3       100%        5
 Starburst                Conj/Fire      0%         6d3       100%        6
 Enfeeble                 Hex            0%         N/A       100%        7


Dungeon Overview and Level Annotations

Branches:
Dungeon (4/15)
 Temple: D:4-7

Altars:
Trog
Wu Jian
Yredelemnul


Innate Abilities, Weirdness & Mutations

You have a pair of horns on your head.
You reflexively headbutt those who attack you in melee.


Message History

The orc is severely wounded.
The orc closely misses you. The orc barely misses you.
You completely miss the orc.
The orc is severely wounded.
The orc hits you with a +0 whip. The orc hits you with a +0 dagger.
You hit the orc but do no damage.
The orc is severely wounded.
The orc hits you with a +0 whip. The orc hits you with a +0 dagger.
You hit the orc.
You feel better.
The orc is severely wounded.
You barely miss the orc. You headbutt the orc.
You kill the orc!
You barely miss the orc priest. The orc barely misses you.
The orc priest mumbles some strange prayers to Beogh against you.
Beogh smites you!
You are too injured to fight recklessly!
You are too injured to fight recklessly!
You are too injured to fight recklessly!
You are too injured to fight recklessly!
You are too injured to fight recklessly!
You are too injured to fight recklessly!
You are too injured to fight recklessly!
You are too injured to fight recklessly!
You are too injured to fight recklessly!
You are too injured to fight recklessly!
You are too injured to fight recklessly!
You are too injured to fight recklessly!
You are too injured to fight recklessly!
The orc priest attacks as you move away!
The orc priest hits you with a +0 whip. The orc barely misses you.
The orc priest looks satisfied for a moment.
The orc attacks as you move away! The orc closely misses you.
The orc barely misses you. The orc attacks as you move away!
The orc barely misses you.
There is an escape hatch in the ceiling here.
The orc priest calls down the wrath of Beogh upon you.
Beogh smites you!
* * * LOW HITPOINT WARNING * * *
The orc hits you with a +0 dagger.
You die...

####.##...#.....)).......#
#.#.......#...#..........#
..........#...##.....###..#
#............<###...)..#
##..#....#.#..###..##.....#
#..##......#...##...#.....#
#........#.###..#oo.......#
##.....###.####.o....#......
............#...@...##.#....
.....###.#..........##.#.##.
.....# #............#..
.......###..............
....#...##...†......####
....#...............# ## .
......###.#.......#.##.##....
###.#####.#.#.....#..........
##.####...###.........##....


You could see an orc priest and 2 orcs.

Vanquished Creatures
  A howler monkey (D:3)
  2 iguanas (D:4)
  2 orc wizards
  3 adders
  2 worms
  2 dart slugs (D:1)
  9 orcs
  15 ball pythons
  3 bats (D:1)
  An endoplasm (D:1)
  2 giant cockroaches (D:1)
  6 goblins
  5 hobgoblins
  3 jackals
  2 quokkas (D:3)
  A frilled lizard (D:1)
  4 kobolds
  3 rats
66 creatures vanquished.

Vanquished Creatures (others)
  3 plants (D:2)
3 creatures vanquished.

Grand Total: 69 creatures vanquished

Notes
Turn   | Place    | Note
-------+----------+-------------------------------------------
     0 | D:1      | Anon1729 the Minotaur Monk began the quest for the Orb.
     0 | D:1      | Reached XP level 1. HP: 19/19 MP: 0/0
    19 | D:1      | Found a faded altar of an unknown god.
    83 | D:1      | Reached XP level 2. HP: 23/27 MP: 1/1
   246 | D:1      | Reached skill level 1 in Armour
   482 | D:1      | Reached XP level 3. HP: 29/33 MP: 2/2
  1230 | D:2      | Reached skill level 1 in Stealth
  1230 | D:2      | Reached skill level 1 in Invocations
  1529 | D:3      | Reached XP level 4. HP: 37/40 MP: 3/3
  1559 | D:3      | Found a bloodstained altar of Trog.
  1909 | D:2      | HP: 1/41 [orc wizard/+0 dagger (3)]
  1912 | D:2      | Reached XP level 5. HP: 3/47 MP: 5/5
  2652 | D:3      | Found an ornate altar of the Wu Jian Council.
  2652 | D:3      | Found a basalt altar of Yredelemnul.
  3001 | D:4      | Slain by an orc

Illustrated notes

Levels and vault maps discovered:
D:1:      eino_arrival_water_cross, layout_basic,
          chequers_ecumenical_altar_simple_redux
D:2:      layout_loops_ring, minmay_shallow_snake_nest
D:3:      layout_loops_ring, gammafunk_temple_overflow_wave,
          mainiacjoe_overflow_alcove_2, grunt_decor_junction
D:4:      layout_cave_pools, minmay_misc_feat_pillars

Skill      XL: |  1  2  3  4  5 |
---------------+----------------+-----
Armour         | 1 2 |  2.4
Fighting       | 4 |  4.6
Stealth        | 1 |  1.8
Invocations    | 1 2 |  2.0
Short Blades   | 4 |  4.3
Dodging        | 4 |  4.1

Action                     |  1- 3 |  4- 6 || total
---------------------------+-------+-------++-------
  Melee: Short sword       |    81 |    87 ||   168
         Headbutt          |    17 |    20 ||    37
 Armour: Robe              |    14 |    17 ||    31
  Dodge: Dodged            |    53 |    78 ||   131
